 Dungeon Crawl Stone Soup version 0.18-a0-1376-g7441944 (webtiles) character file.

42506 Kourso the Severer (level 13, -1/128 HPs)
             Began as a Minotaur Berserker on Feb 21, 2016.
             Was a High Priest of Trog.
             Slain by a merfolk impaler
             ... wielding a +3 demon trident of electrocution
              (9 damage)
             ... on level 2 of the Shoals on Feb 22, 2016.
             The game lasted 01:50:50 (18277 turns).

Kourso the Severer (Minotaur Berserker)            Turns: 18277, Time: 01:50:50

Health: -1/128     AC: 36    Str: 23    XL:     13   Next: 85%
Magic:  12/12      EV:  7    Int:  7    God:    Trog [*****.]
Gold:   1119       SH:  0    Dex: 14    Spells: 0 memorised, 12 levels left

rFire  . . .     SeeInvis .     o - +9 battleaxe (chop)
rCold  . . .     Gourm    +     P - +8 orange crystal plate armour {Archmagi, Int+3 Clar SustAt}
rNeg   + . .     Faith    .     (shield currently unavailable)
rPois  +         Spirit   .     (helmet restricted)
rElec  .         Dismiss  .     L - +0 cloak
rCorr  .         Reflect  .     V - +1 pair of gloves
SustAt +         Harm     .     (no boots)
MR     ++...     Clarity  +     v - amulet of the gourmand
Stlth  ..........               W - ring of poison resistance
                                h - ring of positive energy

@: exhausted, regenerating, slowed, very slow, very resistant to hostile
enchantments, extremely unstealthy
A: retaliatory headbutt, horns 2
a: Berserk, Trog's Hand, Brothers in Arms, Burn Spellbooks, Renounce Religion


You were on level 2 of the Shoals.
You worshipped Trog.
Trog was extremely pleased with you.
You were very full.

You visited 3 branches of the dungeon, and saw 17 of its levels.

You collected 1161 gold pieces.
You spent 42 gold pieces at shops.

Inventory:

Hand Weapons
 o - a +9 battleaxe of chopping (weapon)
 x - a +1 executioner's axe
 K - a +0 blowgun
Missiles
 d - 120 poisoned needles
Armour
 L - a +0 cloak (worn)
 P - the +8 orange crystal plate armour (worn) {Archmagi, Int+3 Clar SustAt}
   (You found it on level 1 of the Lair of Beasts)

   It affects your intelligence (+3).
   It sustains your strength, intelligence and dexterity.
   It protects you against confusion.
 V - a +1 pair of gloves (worn)
Jewellery
 e - an uncursed ring of sustain attributes {unknown}
 h - a ring of positive energy (left hand)
 v - an amulet of the gourmand (around neck)
 W - a ring of poison resistance (right hand)
Wands
 n - a wand of random effects (37/48)
 q - a wand of flame (16/48)
 u - a wand of confusion (11/48)
 F - a wand of slowing (30/48)
 I - a wand of flame (15/48)
 U - a wand of paralysis (9/24)
 Y - a wand of iceblast (6/15)
 Z - a wand of iceblast (4/15)
Scrolls
 f - a scroll of blinking
 k - 15 scrolls of remove curse
 m - 6 scrolls of fear
 p - 3 scrolls of magic mapping
 y - 2 scrolls of teleportation
 B - 2 scrolls of enchant armour
 C - a scroll of vulnerability
 S - a scroll of acquirement
Potions
 a - 3 potions of curing
 g - 2 potions of heal wounds
 j - 3 potions of resistance {unknown}
 l - 2 potions of agility {unknown}
 r - 2 potions of cancellation {unknown}
 s - 3 potions of flight {unknown}
 t - 6 potions of lignification
 w - 2 potions of degeneration {unknown}
 A - 2 potions of might {unknown}
 H - 3 potions of mutation {unknown}
 M - 2 potions of magic {unknown}
 O - 2 potions of ambrosia {unknown}
Comestibles
 b - 11 chunks of flesh
 c - 7 bread rations
 i - 9 meat rations
 z - 25 fruits
 G - a slice of pizza
 N - 2 beef jerkies
 Q - a royal jelly


   Skills:
 + Level 16.0 Fighting
 + Level 16.2 Axes
 + Level 16.0 Armour
 - Level 3.0 Dodging
 - Level 1.0 Stealth


You had 12 spell levels left.
You didn't know any spells.

Dungeon Overview and Level Annotations

Branches:
Dungeon (10/15)            Temple (0/1) D:7            Lair (5/8) D:10
 Shoals (2/4) Lair:3       Spider (0/4) Lair:5
    Orc: D:9-12

Altars:
Ashenzari
Dithmenos
Elyvilon
Fedhas
Nemelex Xobeh
Qazlal
Yredelemnul
Zin

Shops:
D:7 ?   Shoals:1 [


Innate Abilities, Weirdness & Mutations

You reflexively headbutt those who attack you in melee.
You have a pair of horns on your head.


Message History

The merfolk barely misses you.
The merfolk hits you from afar with a spear of piercing.
The merfolk impaler hits you but does no damage.
Unknown command.
You slice the net and break free!
The merfolk hits you but does no damage.
The merfolk impaler hits you from afar with a demon trident of electrocution!
The merfolk hits you from afar with a spear of piercing.
The merfolk impaler hits you from afar with a demon trident of electrocution!
* * * LOW HITPOINT WARNING * * *
You are electrocuted!
* * * LOW HITPOINT WARNING * * *
The merfolk closely misses you.
The merfolk hits you but does no damage.
The merfolk impaler hits you but does no damage.
You see here 4 arrows.
The merfolk impaler hits you from afar with a demon trident of electrocution!
* * * LOW HITPOINT WARNING * * *
The merfolk impaler hits you from afar with a demon trident of electrocution!
You die...

≈≈≈≈≈≈≈≈≈ ≈≈≈≈≈≈≈≈≈
≈≈≈≈≈≈≈≈≈ ##
≈≈≈≈≈≈≈≈# .
≈≈≈≈≈≈≈≈##. ##
≈≈≈≈≈≈≈≈#.≈ .#
≈≈≈≈≈≈≈≈#.###.#
.≈≈≈≈≈.<#$....#
..≈c≈≈.@#(m.≈.#
#...≈≈≈(#(m)≈.#
##..≈≈.(m#...≈...≈≈
###..≈≈≈...(..≈.≈≈≈≈
....≈≈≈≈≈≈≈≈≈.≈≈≈≈≈
.....≈≈≈≈≈≈≈≈≈≈≈≈≈. .
##....≈≈≈≈≈≈≈≈≈≈≈..
..#......≈≈≈≈≈≈≈≈≈≈..
..........≈≈≈≈≈≈≈)≈≈≈


You could see a merfolk impaler and a centaur.

Vanquished Creatures
  Kirke (Shoals:1)
  Gastronok (Lair:3)
  Nessos (Lair:4)
  2 merfolk impalers
  Erolcha (D:10)
  A hydra (Lair:5)
  A merfolk avatar (Shoals:1)
  A centaur warrior (D:9)
  A sea snake (Lair:3)
  Pikel (D:8)
  A griffon (Lair:5)
  A manticore (Shoals:1)
  A necromancer (Lair:4)
  4 fauns (Shoals:1)
  Joseph (Lair:1)
  4 black mambas
  3 sirens
  Maurice (D:9)
  14 elephants
  A gargoyle (D:10)
  4 spiny frogs
  4 komodo dragons
  2 fire drakes
  Prince Ribbit (D:9)
  A jumping spider (Lair:5)
  6 merfolk
  2 snapping turtles (Shoals:1)
  6 blink frogs
  A water elemental (Shoals:2)
  10 yaks
  Grum (D:8)
  6 basilisks
  3 fire bats (Lair:5)
  6 wyverns
  7 hogs
  Eustachio (D:4)
  9 hippogriffs
  7 wolves
  7 water moccasins
  A hell hound (Lair:4)
  11 porcupines
  4 sky beasts
  2 ice beasts
  A black bear (D:6)
  A necrophage (D:6)
  3 orc warriors
  4 slaves (D:8)
  An elephant zombie (Lair:4)
  2 wasps (D:9)
  4 ogres
  6 centaurs
  11 crocodiles
  A big kobold (D:9)
  7 giant frogs
  A gnoll sergeant (D:6)
  A water moccasin skeleton (D:4)
  3 killer bees
  2 electric eels (Lair:4)
  3 crimson imps (D:6)
  2 basilisk zombies (Lair:4)
  2 centaur zombies
  A giant frog skeleton (D:10)
  A jelly (D:9)
  8 orc wizards
  7 orc priests
  Crazy Yiuf (D:3)
  9 hounds
  A centaur skeleton (D:5)
  A gnoll shaman (D:8)
  4 iguanas
  Natasha (twice) (D:2)
  9 worker ants
  11 sheep
  A crocodile zombie (Lair:4)
  A hound skeleton (D:4)
  2 worker ant zombies (D:6)
  14 adders
  9 gnolls
  14 river rats
  An ooze (D:6)
  An adder zombie (D:7)
  A worm (D:3)
  3 giant geckos
  49 orcs
  13 bats
  5 giant cockroaches
  12 hobgoblins
  6 jackals
  7 quokkas
  2 ball pythons
  A giant gecko zombie (D:6)
  8 goblins
  A jackal zombie (D:5)
  12 kobolds
  A quokka skeleton (D:6)
  8 rats
  10 fungi
  7 plants
443 creatures vanquished.

Vanquished Creatures (collateral kills)
  3 hydras
  The ghost of jlc4533 the Frost Mage, a novice GrIE of Okawaru (D:7)
  2 fire drakes (Lair:5)
  4 wyverns (Lair:5)
  2 hippogriffs (Lair:5)
  A crocodile (Lair:5)
  An iguana (Lair:2)
14 creatures vanquished.

Vanquished Creatures (others)
  A worker ant (D:4)
  A bush (Lair:5)
  8 fungi
  3 plants
13 creatures vanquished.

Grand Total: 470 creatures vanquished

Notes
Turn   | Place    | Note
--------------------------------------------------------------
     0 | D:1      | Kourso the Minotaur Berserker began the quest for the Orb.
     0 | D:1      | Reached XP level 1. HP: 19/19 MP: 0/0
   332 | D:1      | Reached XP level 2. HP: 18/27 MP: 1/1
   353 | D:1      | Reached skill level 4 in Fighting
   620 | D:1      | HP: 1/27 [hobgoblin/club (8)]
   859 | D:1      | You fall through a shaft!
   876 | D:2      | Reached ** piety under Trog
   880 | D:2      | Reached XP level 3. HP: 26/33 MP: 2/2
   911 | D:2      | Found a basalt altar of Yredelemnul.
  1855 | D:2      | Noticed Natasha
  1861 | D:2      | Killed Natasha
  1861 | D:2      | Reached XP level 4. HP: 41/41 MP: 3/3
  2015 | D:2      | Noticed Natasha
  2018 | D:2      | Killed Natasha
  2018 | D:2      | Reached skill level 1 in Stealth
  2047 | D:3      | Reached *** piety under Trog
  2066 | D:3      | Reached skill level 5 in Fighting
  2066 | D:3      | Reached XP level 5. HP: 25/48 MP: 4/4
  2371 | D:3      | Reached skill level 5 in Axes
  2564 | D:3      | Noticed Crazy Yiuf
  2573 | D:3      | Killed Crazy Yiuf
  2835 | D:4      | Noticed Eustachio
  2850 | D:4      | Killed Eustachio
  2850 | D:4      | Reached XP level 6. HP: 53/57 MP: 5/5
  2897 | D:4      | Reached skill level 6 in Axes
  3192 | D:4      | Found a stormy altar of Qazlal.
  3318 | D:4      | Reached XP level 7. HP: 28/63 MP: 6/6
  3375 | D:4      | Reached skill level 5 in Armour
  3671 | D:4      | Reached **** piety under Trog
  3776 | D:5      | Entered Level 5 of the Dungeon
  3776 | D:5      | Found a shadowy altar of Dithmenos.
  3790 | D:5      | Reached skill level 7 in Axes
  3884 | D:5      | Found a stormy altar of Qazlal.
  4218 | D:5      | Reached XP level 8. HP: 71/73 MP: 7/7
  4668 | D:6      | Reached skill level 8 in Axes
  4855 | D:6      | Found a blossoming altar of Fedhas.
  5177 | D:6      | Found a shattered altar of Ashenzari.
  5182 | D:6      | Found a sparkling altar of Nemelex Xobeh.
  5221 | D:6      | Reached skill level 9 in Axes
  5221 | D:6      | Reached XP level 9. HP: 76/81 MP: 8/8
  6387 | D:7      | Found Isacla Sulle's Magic Scroll Shop.
  6390 | D:7      | Bought a scroll of teleportation for 42 gold pieces
  6558 | D:7      | Noticed jlc4533's ghost (novice GrIE)
  6642 | D:7      | Killed jlc4533's ghost
  6658 | D:7      | Found a glowing silver altar of Zin.
  6880 | D:7      | Got a crude dagger
  6881 | D:7      | Identified the +4 dagger of Chagrin {freeze, +Blink Str+4} (You found it on level 7 of the Dungeon)
  6909 | D:7      | Found a staircase to the Ecumenical Temple.
  6996 | D:8      | Noticed Pikel
  7010 | D:8      | Killed Pikel
  7010 | D:8      | Reached skill level 10 in Fighting
  7010 | D:8      | Reached skill level 10 in Axes
  7030 | D:8      | Found a shattered altar of Ashenzari.
  7356 | D:8      | Noticed Grum
  7368 | D:8      | Killed Grum
  7368 | D:8      | Reached XP level 10. HP: 29/93 MP: 9/9
  8934 | D:9      | Reached skill level 10 in Armour
  9063 | D:9      | Noticed Maurice
  9088 | D:9      | Killed Maurice
  9431 | D:9      | Reached skill level 11 in Axes
  9515 | D:9      | Noticed Prince Ribbit
  9775 | D:9      | Found a white marble altar of Elyvilon.
  9889 | D:9      | Noticed a centaur warrior
  9900 | D:9      | Killed a centaur warrior
 10545 | D:9      | Killed Prince Ribbit
 10545 | D:9      | Reached ***** piety under Trog
 10704 | D:10     | Entered Level 10 of the Dungeon
 11114 | D:10     | Noticed a gargoyle
 11122 | D:10     | Killed a gargoyle
 11225 | D:10     | Noticed Erolcha
 11229 | D:10     | Killed Erolcha
 11229 | D:10     | Reached skill level 12 in Axes
 11246 | D:10     | Found a blossoming altar of Fedhas.
 11255 | D:10     | Reached XP level 11. HP: 90/103 MP: 10/10
 11320 | D:10     | Found a staircase to the Lair.
 11365 | Lair:1   | Entered Level 1 of the Lair of Beasts
 11730 | Lair:1   | Noticed Joseph
 11750 | Lair:1   | Killed Joseph
 12417 | Lair:2   | Reached skill level 13 in Axes
 12523 | Lair:2   | Noticed a four-headed hydra
 12534 | Lair:2   | Killed a five-headed hydra
 12603 | Lair:2   | Identified the Catalogue of Lightness (You found it on level 2 of the Lair of Beasts)
 13082 | Lair:2   | Reached XP level 12. HP: 114/114 MP: 11/11
 13543 | Lair:2   | Reached skill level 14 in Axes
 13749 | Lair:3   | Found a staircase to the Shoals.
 14208 | Lair:3   | Noticed Gastronok
 14257 | Lair:3   | Killed Gastronok
 14825 | Lair:4   | Got a polished leather armour
 14826 | Lair:4   | Identified the +0 leather armour "Dygifeb" {+Blink rF+ Str-2} (You found it on level 4 of the Lair of Beasts)
 15120 | Lair:4   | Received a gift from Trog
 15524 | Lair:5   | Noticed Nessos
 15577 | Lair:5   | Found a hole to the Spider Nest.
 15651 | Lair:4   | Killed Nessos
 15788 | Lair:5   | Reached skill level 15 in Axes
 15841 | Lair:5   | Reached XP level 13. HP: 124/124 MP: 12/12
 15957 | Lair:5   | Reached skill level 15 in Fighting
 16230 | Lair:5   | Reached skill level 15 in Armour
 16968 | Shoals:1 | Entered Level 1 of the Shoals
 17405 | Shoals:1 | Noticed Kirke
 17464 | Shoals:1 | Killed Kirke
 17518 | Shoals:1 | Found Xipof's Armour Emporium.
 17541 | Shoals:1 | Identified 2 scrolls of acquirement
 17704 | Shoals:1 | Reached skill level 16 in Axes
 18188 | Shoals:2 | Noticed a merfolk impaler
 18203 | Shoals:1 | Killed a merfolk impaler
 18248 | Shoals:2 | Noticed a merfolk impaler
 18255 | Shoals:2 | Killed a merfolk impaler
 18256 | Shoals:2 | Noticed a merfolk impaler
 18277 | Shoals:2 | Slain by a merfolk impaler

Vault maps used:
D:1:      scummos_arrival_forest, serial_corexii_hall, corexii_hall_statues_x,
          corexii_hall_statues_s
D:2:      old_standard_altar, first_bread, st_stairs_5, kennysheep_nub,
          uniq_natasha
D:3:      uniq_crazy_yiuf_cottage
D:4:      nicolae_qazlal_eye_of_the_storm, uniq_eustachio
D:5:      lemuel_crystal_altar, basic_altar, st_stairs_8
D:6:      minitemple, lemuel_crystal_altar
D:7:      kennysheep_mini, minmay_temple_entry_purple_smoke, serial_shops,
          nicolae_shop_behind_doors
D:8:      basic_altar, uniq_grum, uniq_pikel
D:9:      kennysheep_mini_moat, uniq_prince_ribbit1, uniq_maurice
D:10:     minmay_wavy_crystal, lair_0_dummy, hangedman_tree_tricks,
          uniq_erolcha, uniq_erica
Lair:1:   minivault_25, guppyfry_lair_drakes, uniq_joseph
Lair:2:   mu_elephants_graveyard
Lair:3:   elwin_shoals_entry_stream, infiniplex_staircase_pool, uniq_gastronok
Lair:4:   pond_and_an_island_with_a_cottage
Lair:5:   spider_nest_entry_a, nicolae_volcano_entry_batcave, special_room,
          st_stairs_7, minivault_11, hangedman_lair_generics_rect, uniq_nessos
Shoals:1: serial_shops, nicolae_shop_statue_plus, uniq_kirke
Shoals:2: nicolae_shoals_isolated_beach

Action                   |  1- 3 |  4- 6 |  7- 9 | 10-12 | 13-15 || total
-------------------------+-------+-------+-------+-------+-------++-------
Melee: Hand axe          |    96 |    26 |       |       |       ||   122
       War axe           |       |   105 |   229 |       |       ||   334
       Battleaxe         |       |       |    10 |   182 |    43 ||   235
       Executioner's axe |       |       |       |   350 |   158 ||   508
 Fire: Blowgun           |       |       |       |     4 |       ||     4
Invok: Berserk           |     1 |     4 |     6 |     9 |     3 ||    23
       Brothers in Arms  |       |       |     1 |     1 |     5 ||     7
       Trog's Hand       |       |       |       |     5 |     2 ||     7
       Burn Spellbooks   |       |       |       |     5 |       ||     5
Evoke: Wand              |       |       |       |       |    23 ||    23
  Use: Scroll            |       |     6 |     2 |    10 |    16 ||    34
       Potion            |       |       |       |       |     2 ||     2
  Eat: Chunk             |     2 |     9 |    27 |    36 |    14 ||    88
       Beef jerky        |       |       |     1 |       |       ||     1
       Pizza             |       |       |     1 |       |       ||     1
